 Dungeon Crawl Stone Soup version 0.21-a0-155-gb8a8bae (webtiles) character file.

58 Ordine the Magician (level 3, 0/19 HPs)
             Began as a Deep Elf Wizard on Aug 3, 2017.
             Slain by a kobold
             ... wielding a +0 short sword
              (5 damage)
             ... on level 2 of the Dungeon.
             The game lasted 00:02:37 (1297 turns).

Ordine the Magician (Deep Elf Wizard)               Turns: 1297, Time: 00:02:38

Health: 0/19       AC:  2    Str:  4    XL:     3   Next: 75%
Magic:  0/11       EV: 13    Int: 23    God:
Gold:   132        SH:  0    Dex: 13    Spells: 2/11 levels left

rFire    . . .     SeeInvis .   e - +0 quarterstaff
rCold    . . .     Gourm    .   (shield currently unavailable)
rNeg     . . .     Faith    .   a - +0 robe
rPois    .         Spirit   .   b - +0 hat
rElec    .         Reflect  .   (no cloak)
rCorr    +         Harm     .   (no gloves)
MR       .....                  (no boots)
Stlth    ++........             (no amulet)
HPRegen  0.06/turn              i - ring of resist corrosion
MPRegen  0.12/turn              (no ring)

@: very slightly contaminated
A: no striking features
a: no special abilities


You were on level 2 of the Dungeon.
You were not hungry.

You visited 1 branch of the dungeon, and saw 2 of its levels.

You collected 132 gold pieces.

Inventory:

Hand Weapons
 e - a +0 quarterstaff (weapon)
Armour
 a - a +0 robe (worn)
 b - a +0 hat (worn)
Jewellery
 i - a ring of resist corrosion (left hand)
Scrolls
 f - 2 scrolls of fog
Potions
 g - a potion of berserk rage {unknown}
 h - a potion of lignification
 k - 2 potions of haste
 m - a potion of curing {unknown}
Books
 c - a book of Minor Magic

   Spells                             Type                      Level
   a - Magic Dart                     Conjuration                  1
   b - Blink                          Translocation                2
   c - Call Imp                       Summoning                    2
   d - Slow                           Hexes                        2
   e - Conjure Flame                  Conjuration/Fire             3
   f - Mephitic Cloud                 Conjuration/Poison/Air       3
Comestibles
 d - 5 bread rations
 j - 2 royal jellies
 l - a meat ration
 n - a fruit


   Skills:
 + Level 3.3 Dodging
 + Level 3.6 Stealth
 + Level 4.6 Spellcasting
 + Level 2.0 Conjurations
   Level 1.1 Summonings
 + Level 1.4 Translocations
 + Level 0.2 Fire Magic
 + Level 0.0 Air Magic


You had 2 spell levels left.
You knew the following spells:

 Your Spells              Type           Power        Failure   Level  Hunger
a - Magic Dart            Conj           ##..         4%          1    None
b - Blink                 Tloc           N/A          9%          2    None
c - Conjure Flame         Conj/Fire      ##......     19%         3    ##.....
d - Mephitic Cloud        Conj/Pois/Air  #.......     22%         3    ##.....


Dungeon Overview and Level Annotations

Branches:
Dungeon (2/15)

Altars:
The Shining One


Message History

The kobold hits you but does no damage.
Unknown command.
Unknown command.
Unknown command.
The kobold throws a stone.
The stone hits you but does no damage.
You see here a stone.
Casting: Magic Dart
Confirm with . or Enter, or press ? or * to list all spells.
Aiming: Magic Dart
Press: ? - help, Shift-Dir - straight line, f/p - kobold
Aim: a kobold, wielding a short sword (moderately wounded)
The magic dart hits the kobold.
The kobold is moderately wounded.
The kobold hits you with a short sword.
* * * LOW HITPOINT WARNING * * *
You are too injured to fight recklessly!
You hit the kobold.
The kobold is severely wounded.
The kobold hits you with a short sword.
You die...

.....###).#...(.....######.#
...#..#.................>..#
†..##..##.#.........######.#
...###....)(....(........#.#
...# ###'''###....#####....#
..### #... ##.K.# #....#
....# #..(. #.K.# #....#
÷.####..... ##K## ####.#.##
..# #..... ##@# #.......#
.## #...[. #..####.......#
.# #..... ##............# .#
#............# .#
#.####.......# ... #.#
#.......# #### #.# #.......#
#.# ####.#.## #.# #.#.#


You could see 3 kobolds.

Vanquished Creatures
  2 adders (D:2)
  A leopard gecko (D:2)
  A ball python (D:1)
  11 bats
  A giant cockroach (D:1)
  5 goblins
  2 hobgoblins (D:1)
  6 kobolds
  2 quokkas (D:2)
  4 frilled lizards
  4 rats
39 creatures vanquished.

Vanquished Creatures (others)
  8 toadstools (D:2)
8 creatures vanquished.

Grand Total: 47 creatures vanquished

Notes
Turn   | Place    | Note
-------+----------+-------------------------------------------
     0 | D:1      | Ordine the Deep Elf Wizard began the quest for the Orb.
     0 | D:1      | Reached XP level 1. HP: 10/10 MP: 7/7
   229 | D:1      | Reached XP level 2. HP: 15/15 MP: 4/9
   243 | D:1      | Learned a level 2 spell: Blink
   850 | D:2      | Found a glowing golden altar of the Shining One.
   923 | D:2      | Reached XP level 3. HP: 19/19 MP: 2/11
   988 | D:2      | Learned a level 3 spell: Conjure Flame
   992 | D:2      | Learned a level 3 spell: Mephitic Cloud
  1297 | D:2      | Slain by a kobold

Vault maps used:
D:1:      lemuel_arrival_behind_the_door_large
D:2:      cheibrodos_fertilizer, first_bread, tso_metal_star

Skill      XL: |  1  2  3 |
---------------+----------+-----
Stealth        | 3 |  3.6
Dodging        | 3 |  3.3
Conjurations   | 2 |  2.0
Spellcasting   | |  4.6
Summonings     | |  1.1
Translocations | |  1.4
Fire Magic     | |  0.2

Action                   || total
-------------------------++-------
Melee: Hand axe          ||     2
       Quarterstaff      ||     3
 Cast: Magic Dart        ||    87
       Mephitic Cloud    ||     1
  Use: Scroll            ||     7
  Eat: Chunk             ||     1
Armor: Robe              ||     7
Dodge: Dodged            ||    26
